 Dungeon Crawl Stone Soup version 0.26-a0-707-g31817bcca1 (webtiles) character file.

Game seed: 243566496413993713

452 robertstho the Magician (level 6, 0/33 HPs)
             Began as a Deep Elf Ice Elementalist on Oct 26, 2020.
             Killed from afar by an orc wizard (3 damage)
             ... with a puff of frost
             ... on level 4 of the Dungeon.
             The game lasted 00:06:40 (3975 turns).

robertstho the Magician (Deep Elf Ice Elementalist) Turns: 3975, Time: 00:06:41

Health: 0/33       AC:  4    Str:  5    XL:     6   Next: 75%
Magic:  14/17      EV: 13    Int: 22    God:
Gold:   240        SH:  0    Dex: 15    Spells: 3/18 levels left

rFire    . . .     SeeInvis .   b - +0 hand axe
rCold    . . .     Faith    .   (no shield)
rNeg     . . .     Spirit   .   a - +0 robe
rPois    .         Reflect  .   (no helmet)
rElec    .         Harm     .   (no cloak)
rCorr    .         Rampage  .   n - +0 pair of gloves
MR       .....                  d - +0 pair of boots
Stlth    ++........             (no amulet)
HPRegen  0.11/turn              (no ring)
MPRegen  0.15/turn              (no ring)

@: no status effects
A: no striking features
a: no special abilities


You were on level 4 of the Dungeon.
You visited 1 branch of the dungeon, and saw 4 of its levels.

You collected 240 gold pieces.

Inventory:

Hand Weapons
 b - a +0 hand axe (weapon)
Armour
 a - a +0 robe (worn)
 d - a +0 pair of boots (worn)
 n - a +0 pair of gloves (worn)
Wands
 f - a wand of polymorph (8)
 o - a wand of flame (17)
Scrolls
 c - a scroll of enchant weapon {unknown}
 g - 2 scrolls of teleportation
 j - 2 scrolls of enchant armour {unknown}
 k - 2 scrolls of fog
 m - a scroll of amnesia {unknown}
Potions
 e - 2 potions of curing {unknown}
 h - a potion of ambrosia {unknown}
 i - a potion of stabbing {unknown}
 l - a potion of heal wounds {unknown}
 p - a potion of brilliance


   Skills:
 + Level 0.9 Fighting
 + Level 1.2 Axes
 + Level 2.7 Dodging
 + Level 3.0 Stealth
 * Level 6.7 Spellcasting
 + Level 0.7 Summonings
 * Level 6.4 Ice Magic


You had 3 spell levels left.
You knew the following spells:

 Your Spells              Type           Power        Failure   Level
a - Freeze                Ice            ####         1%          1
b - Frozen Ramparts       Ice            #####.       1%          3
c - Ozocubu's Armour      Ice            #####...     1%          3
d - Hailstorm             Conj/Ice       ###.....     22%         4
e - Summon Ice Beast      Ice/Summ       ###.....     19%         4

Your spell library contained the following spells:

 Spells                   Type           Power        Failure   Level


Dungeon Overview and Level Annotations

Branches:
Dungeon (4/15)
 Temple: D:4-7

Altars:
Ashenzari
Dithmenos
Gozag
Sif Muna
Yredelemnul
The Shining One

Annotations:
D:4 Sigmund


Message History

Beogh smites you!
* * * LOW HITPOINT WARNING * * *
You hear a shout!
An orc wizard comes into view. It is wielding a -1 dagger.
The wall freezes the orc priest.
Things that are here:
a +0 dagger; a +0 robe You hit the orc priest but do no damage.
The orc priest is severely wounded.
The wall freezes the orc priest.
You kill the orc priest!
Things that are here:
a +0 whip; a +0 chain mail; an orc corpse The frozen ramparts melt away.
The orc wizard begins to cast a cantrip, but forgets the words!
Things that are here:
a +0 dagger; a +0 robe The orc wizard gestures at you while chanting.
The puff of frost hits you.
You die...

#.#.....##.#####.
#....
##...#.........##.#
#....
..#..#...........##.#
.....
#.....>..........##.#
.l...
##.#....#...........#
.....
####............###
.... #.#..#..#.....<#
#.##...).......#
#...@.))†......#
##..####o####.... #..
#..†..# ..#
##.#....o..# .#
#.#.......# .
#....._.....
#.#.......#..
#.#..o....#... #
##....!## .S


You could see an orc wizard.

Vanquished Creatures
  A phantom (D:4)
  An orc priest (D:4)
  Jessica (D:3)
  An orc wizard (D:4)
  Natasha (thrice) (D:2)
  Ijyb (D:3)
  10 adders
  2 oozes
  3 worms
  A dart slug (D:1)
  A leopard gecko (D:1)
  8 orcs
  A ball python (D:2)
  10 bats
  A giant cockroach (D:4)
  6 goblins
  2 hobgoblins (D:2)
  8 jackals
  4 frilled lizards
  6 kobolds
  10 rats
81 creatures vanquished.

Vanquished Creatures (collateral kills)
  A phantom (D:4)
1 creature vanquished.

Grand Total: 82 creatures vanquished

Notes
Turn   | Place    | Note
-------+----------+-------------------------------------------
     0 | D:1      | robertstho the Deep Elf Ice Elementalist began the quest
                  | for the Orb.
     0 | D:1      | Reached XP level 1. HP: 10/10 MP: 6/6
   245 | D:1      | Reached XP level 2. HP: 14/15 MP: 6/8
  1116 | D:1      | Reached XP level 3. HP: 9/19 MP: 7/10
  1499 | D:2      | Noticed Natasha
  1510 | D:2      | Killed Natasha
  1510 | D:2      | Reached skill level 5 in Ice Magic
  1527 | D:2      | Learned a level 3 spell: Frozen Ramparts
  1531 | D:2      | Learned a level 3 spell: Ozocubu's Armour
  1535 | D:2      | Noticed Natasha
  1544 | D:2      | Killed Natasha
  1544 | D:2      | Reached XP level 4. HP: 14/24 MP: 5/12
  1728 | D:2      | Reached skill level 1 in Axes
  1789 | D:2      | Noticed Natasha
  1794 | D:2      | Killed Natasha
  1794 | D:2      | Reached XP level 5. HP: 16/28 MP: 10/14
  2318 | D:3      | Reached skill level 5 in Spellcasting
  2685 | D:3      | Noticed Jessica
  2697 | D:3      | Killed Jessica
  2909 | D:3      | Found a basalt altar of Yredelemnul.
  3072 | D:3      | Found a shimmering blue altar of Sif Muna.
  3073 | D:3      | Found a shadowy altar of Dithmenos.
  3205 | D:3      | Noticed Ijyb
  3212 | D:3      | Killed Ijyb
  3243 | D:3      | Reached XP level 6. HP: 33/33 MP: 13/17
  3251 | D:3      | Found a glowing golden altar of the Shining One.
  3392 | D:4      | Noticed Sigmund
  3498 | D:4      | Found a broken altar of Ashenzari.
  3556 | D:3      | Learned a level 4 spell: Hailstorm
  3561 | D:3      | Learned a level 4 spell: Summon Ice Beast
  3952 | D:4      | Found an opulent altar of Gozag.
  3975 | D:4      | Killed from afar by an orc wizard

Illustrated notes

Levels and vault maps discovered:
D:1:      dpeg_arrival_brainrot, layout_basic
D:2:      layout_rooms, minmay_heptomino_h4, uniq_natasha
D:3:      layout_loops_ring, lemuel_coloured_pillars_altar,
          nicolae_tso_swordbearing_angel, nicolae_overflow_hidden_temple,
          chequers_serial_rivers_room_a, uniq_jessica, uniq_ijyb
D:4:      layout_rooms, old_standard_altar, cheibrodos_ashenzari_chains,
          uniq_sigmund

Skill      XL: |  1  2  3  4  5  6 |
---------------+-------------------+-----
Spellcasting   | 4 6 |  6.7
Ice Magic      | 5 6 |  6.4
Axes           | 1 |  1.2
Stealth        | 3 |  3.0
Fighting       | |  0.9
Dodging        | |  2.7
Summonings     | |  0.7

Action                   |  1- 3 |  4- 6 || total
-------------------------+-------+-------++-------
Melee: Hand axe          |    47 |    39 ||    86
 Cast: Freeze            |    30 |     3 ||    33
       Frozen Ramparts   |     1 |    29 ||    30
       Summon Ice Beast  |       |     5 ||     5
  Use: Scroll            |       |     6 ||     6
 Stab: Sleeping          |     3 |     1 ||     4
Armor: Robe              |    24 |    12 ||    36
Dodge: Dodged            |    58 |    45 ||   103

Table legend: (Time is in decaauts)
 A = Elapsed time spent in this place.
 B = Non-inter-level travel time spent in this place.
 C = Inter-level travel time spent in this place.
 D = Time resting spent in this place.
 E = Time spent auto-exploring this place.
 F = Levels seen in this place.
 G = Mean time per level.
                   A        B        C        D        E       F      G
               +--------+--------+--------+--------+--------+-----+--------+
         Total |   4019 |   3800 |    219 |     12 |   3091 |   4 | 1004.8 |
       Dungeon |   4019 |   3800 |    219 |     12 |   3091 |   4 | 1004.8 |
               +--------+--------+--------+--------+--------+-----+--------+

Top non-repeatable levels by time:
     D:1: 1390 daAuts
     D:3: 1335 daAuts
     D:2: 812 daAuts
     D:4: 481 daAuts
